 Dungeon Crawl Stone Soup version 0.18-a0-1291-g395b48e (webtiles) character file.

746 Arkorax the Caller (level 7, -5/41 HPs)
             Began as a High Elf Summoner on Feb 9, 2016.
             Was a Follower of Sif Muna.
             Shot with an arrow by a centaur (7 damage)
             ... on level 5 of the Dungeon.
             The game lasted 00:11:26 (6995 turns).

Arkorax the Caller (High Elf Summoner)              Turns: 6995, Time: 00:11:26

Health: -5/41      AC:  3    Str:  7      XL:     7   Next: 48%
Magic:  20/23      EV: 12    Int: 19 (21) God:    Sif Muna [*.....]
Gold:   244        SH:  0    Dex: 16      Spells: 4 memorised, 4 levels left

rFire  . . .     SeeInvis +     t - +1 whip (venom)
rCold  . . .     Gourm    .     a - +0 robe
rNeg   . . .     Faith    .     (no shield)
rPois  .         Spirit   .     (helmet restricted)
rElec  +         Dismiss  .     z - +0 cloak {+Inv}
rCorr  .         Reflect  .     (no gloves)
SustAt .         Harm     .     (no boots)
MR     .....                    (no amulet)
Stlth  ++........               i - ring of magical power
                                x - ring of see invisible

@: drained, not resistant to hostile enchantments, unstealthy
A: antennae 1, deterioration 1, electricity resistance
a: Channel Energy, Renounce Religion, Evoke Invisibility


You were on level 5 of the Dungeon.
You worshipped Sif Muna.
Sif Muna was aware of your devotion.
You were not hungry.

You visited 1 branch of the dungeon, and saw 5 of its levels.
You also visited: Sewer.

You collected 244 gold pieces.

Inventory:

Hand Weapons
 l - a +0 dagger
 q - a +3 whip
 t - a +1 whip of venom (weapon)
 y - a +3 quarterstaff of chaos
Armour
 a - a +0 robe (worn)
 n - a +0 cloak
 z - a +0 cloak of invisibility (worn)
Jewellery
 i - a ring of magical power (right hand)
 o - a +6 ring of strength
 x - a ring of see invisible (left hand)
 D - a cursed amulet of inaccuracy {unknown}
Wands
 v - a wand of lightning (9/15)
Scrolls
 e - 3 scrolls of recharging {unknown}
 h - 3 scrolls of remove curse {unknown}
 k - a scroll of identify {unknown}
 m - 4 scrolls of teleportation {unknown}
 u - 2 scrolls of magic mapping {unknown}
 F - a scroll of fear {unknown}
 G - a scroll of enchant weapon {unknown}
Potions
 g - 2 potions of mutation
 j - 3 potions of haste {unknown}
 p - 3 potions of might {unknown}
 r - 2 potions of curing {unknown}
 s - a potion of resistance {unknown}
 w - a potion of agility {unknown}
 A - 3 potions of magic {unknown}
 C - a potion of heal wounds {unknown}
 E - a potion of brilliance {unknown}
Books
 b - a book of Callings

   Spells                             Type                      Level
   a - Summon Small Mammal            Summoning                    1
   b - Call Imp                       Summoning                    2
   c - Call Canine Familiar           Summoning                    3
   d - Summon Guardian Golem          Hexes/Summoning              3
   e - Summon Lightning Spire         Summoning/Air                4
   f - Summon Ice Beast               Ice/Summoning                4
Comestibles
 c - 2 bread rations
 d - a beef jerky
 f - 2 meat rations
 B - 3 fruits


   Skills:
 - Level 2.1(1.8) Dodging
 - Level 2.1(1.8) Stealth
 - Level 4.4(4.0) Spellcasting
 * Level 6.9(6.5) Summonings
 * Level 4.6(4.2) Air Magic


You had 4 spell levels left.
You knew the following spells:

 Your Spells              Type           Power        Failure   Level  Hunger
a - Summon Small Mammal   Summ           ####         1%          1    None
b - Call Imp              Summ           ####....     1%          2    ##.....
c - Call Canine Familiar  Summ           ####....     2%          3    ###....
d - Summon Lightning Spi  Summ/Air       ###.....     17%         4    ####...


Dungeon Overview and Level Annotations

Branches:
Dungeon (5/15)             Temple (0/1) D:4

Altars:
Fedhas
Kikubaaqudgha
Pakellas
Sif Muna
Yredelemnul

Annotations:
D:5 Faustar's ghost, novice FoFi


Innate Abilities, Weirdness & Mutations

You have a pair of small antennae on your head.
Your body sometimes deteriorates upon taking damage.
You are resistant to electric shocks.


Message History

The centaur shoots an arrow.
The arrow hits you!
Things that are here:
an arrow; 18 bolts The centaur shoots an arrow.
The arrow hits you!
The centaur shoots an arrow.
The arrow hits you.
You see here 2 arrows.
The centaur shoots an arrow.
The arrow hits you!
You see here an arrow.
Unknown command.
Casting: Call Imp
Confirm with . or Enter, or press ? or * to list all spells.
You swap places.
The centaur shoots an arrow.
The arrow barely misses you.
The giant gecko barely misses your hound.
The centaur shoots an arrow.
The arrow hits you!
* * * LOW HITPOINT WARNING * * *
You see here an arrow.
Your hound bites the giant gecko.
The giant gecko dies!
The centaur shoots an arrow.
The arrow hits you!
You die...

#..########.##....###..#
#'#####..##.##....###..8
...#...............#..
...#...............'.
...'............c..#
...#.............h.# #
>####..####.##..(.# .#
.##########.##.(.(###..###
............#...@.Z.......
............#......(......
............#($...(.......
.##....#######.....##....#
.##....##...##.....#######
....................#
....................#
......(.............#
#####################


You could see a centaur, an adder skeleton and a friendly hound.

Vanquished Creatures
  A phantom (D:4)
  A wight (D:5)
  A crimson imp (D:4)
  A centaur zombie (D:5)
  A wasp zombie (D:5)
  2 hounds
  Crazy Yiuf (D:3)
  2 worker ants
  2 gnolls (D:3)
  4 adders
  A river rat (D:3)
  2 worms (D:3)
  2 giant geckos
  4 orcs
  4 ball pythons
  6 giant cockroaches
  4 hobgoblins
  4 jackals
  6 bats
  5 giant newts
  4 goblins (D:2)
  10 kobolds
  9 rats
  4 plants (Sewer)
81 creatures vanquished.

Vanquished Creatures (collateral kills)
  Grinder (D:5)
  A sky beast (D:5)
  2 wights (D:5)
  2 worker ants
  2 gnolls
  An adder (D:2)
  2 worms
  2 giant geckos (D:5)
  An orc (D:4)
  2 ball pythons
  2 bats
  3 goblins
  2 hobgoblins (D:1)
  6 jackals
  A quokka (D:5)
  A kobold (D:1)
  2 rats
33 creatures vanquished.

Vanquished Creatures (others)
  An iguana (D:5)
1 creature vanquished.

Grand Total: 115 creatures vanquished

Notes
Turn   | Place    | Note
--------------------------------------------------------------
     0 | D:1      | Arkorax the High Elf Summoner began the quest for the Orb.
     0 | D:1      | Reached XP level 1. HP: 11/11 MP: 4/4
   231 | D:1      | Reached XP level 2. HP: 17/17 MP: 3/6
   241 | D:1      | Learned a level 2 spell: Call Imp
   410 | D:1      | Reached skill level 4 in Summonings
  1675 | D:2      | Reached XP level 3. HP: 16/21 MP: 5/8
  2498 | D:2      | Learned a level 3 spell: Call Canine Familiar
  2671 | D:3      | Found an oddly glowing altar of Pakellas.
  2701 | D:3      | Reached XP level 4. HP: 27/27 MP: 10/10
  2902 | D:3      | Found an ancient bone altar of Kikubaaqudgha.
  2903 | D:3      | Found a blossoming altar of Fedhas.
  3036 | D:3      | Reached skill level 5 in Summonings
  3087 | D:3      | Found a glowing drain.
  3091 | Sewer    | Entered a sewer
  3541 | Sewer    | Reached XP level 5. HP: 26/31 MP: 11/11
  4257 | D:3      | Found a deep blue altar of Sif Muna.
  4264 | D:3      | Found a basalt altar of Yredelemnul.
  4351 | D:3      | Became a worshipper of Sif Muna the Loreminder
  4381 | D:3      | Noticed Crazy Yiuf
  4402 | D:3      | Killed Crazy Yiuf
  4917 | D:4      | Found a staircase to the Ecumenical Temple.
  5075 | D:4      | Reached XP level 6. HP: 17/36 MP: 13/13
  5235 | D:4      | Learned a level 4 spell: Summon Lightning Spire
  5494 | D:5      | Entered Level 5 of the Dungeon
  5512 | D:4      | Reached skill level 6 in Summonings
  5512 | D:4      | Reached skill level 1 in Air Magic
  5729 | D:5      | Noticed Faustar's ghost (novice FoFi)
  5806 | D:5      | Noticed Grinder
  5826 | D:5      | Reached * piety under Sif Muna
  5829 | D:5      | Paralysed by Grinder for 7 turns
  5830 | D:5      | Killed Grinder
  5830 | D:5      | Reached XP level 7. HP: 28/41 MP: 12/14
  6255 | D:5      | Gained mutation: You have a pair of small antennae on your head. [potion of mutation]
  6255 | D:5      | Gained mutation: Your body sometimes deteriorates upon taking damage. [potion of mutation]
  6255 | D:5      | Gained mutation: You are resistant to electric shocks. [potion of mutation]
  6994 | D:5      | HP: 2/41 [centaur/arrow (14)]
  6995 | D:5      | Shot with an arrow by a centaur

Vault maps used:
D:1:      mrwooster_arrival_statue_2
D:2:      minmay_misc_feat_tower
D:3:      grunt_temple_overflow_growth_and_decay, lemuel_round_altar,
          grunt_pakellas_mercury, lemuel_crystal_altar, gup_sewer_entry_spiral,
          minmay_misc_feat_diagonals, uniq_crazy_yiuf_cottage
D:4:      temple_green, first_bread
D:5:      minitemple, uniq_grinder
Sewer:    sewer_co_scattered_pipes

Action                   |  1- 3 |  4- 6 |  7- 9 || total
-------------------------+-------+-------+-------++-------
Melee: Unarmed           |     9 |       |       ||     9
       Whip              |   108 |   209 |     2 ||   319
       Quarterstaff      |       |    50 |    18 ||    68
 Cast: Summon Small Mamm |     8 |       |       ||     8
       Call Imp          |    16 |     9 |     5 ||    30
       Call Canine Famil |     1 |    14 |     5 ||    20
       Summon Lightning  |       |     1 |     3 ||     4
  Use: Potion            |       |       |     1 ||     1
 Stab: Sleeping          |     6 |     5 |       ||    11
       Distracted        |       |     3 |       ||     3
  Eat: Chunk             |     2 |     6 |       ||     8
       Bread ration      |     1 |     2 |       ||     3
       Meat ration       |       |       |     1 ||     1
